PAAA
BANGOR TRIDENT BASE OGRES @ ROYSE CITY TARGARYENS
08/22/2023
 
TOP OF THE 1ST
Bangor Trident Base Ogres batting - Pitching for Royse City Targaryens : LHP Jared Cox
Pitching: LHP Jared Cox
Batting: SHB Juan Ortega 0-0: Fly out, F8 (Flyball, 8RM)
Batting: RHB Johnny Foster 0-0: Ball
1-0: Ball
2-0: Ball
3-0: Base on Balls
Batting: RHB Tom Baker 0-0: Foul Ball, location: 2F
0-1: Swinging Strike
0-2: Foul Ball, location: 2F
0-2: SINGLE (Line Drive, 4MD)
Johnny Foster to second
Batting: RHB Augusto Rocha 0-0: Called Strike
0-1: Ball
1-1: Fly out, F7 (Flyball, 7D)
Runner from 2nd tags up, SAFE at 3rd, no throw
Batting: LHB Luis Costello 0-0: Swinging Strike
0-1: Ball
1-1: Foul Ball, location: 2F
1-2: Foul Ball, location: 2F
1-2: Ball
2-2: Fly out, F6 (Popup, 78S)
Top of the 1st over - 0 run(s), 1 hit(s), 0 error(s), 2 left on base; Bangor Trident Base 0 - Royse City 0
BOTTOM OF THE 1ST
Royse City Targaryens batting - Pitching for Bangor Trident Base Ogres : LHP Júlio Hernández
Pitching: LHP Júlio Hernández
Batting: LHB Eduardo Álvarez 0-0: Called Strike
0-1: Called Strike
0-2: Ball
1-2: Fly out, F9 (Flyball, 89M)
Batting: RHB Chae-hyeong Kim 0-0: Ball
1-0: Foul Ball, location: 2F
1-1: SINGLE (Line Drive, 7S)
Batting: RHB Florian Cesaresco 0-0: Ball
1-0: Foul Ball, location: 2F
1-1: Fly out, F8 (Flyball, 8LD)
Batting: LHB Carlos Álvarez 0-0: SINGLE (Line Drive, 4MD)
Chae-hyeong Kim to second
Runner from 2nd tries for 3rd, SAFE, throw made to third
Batting: RHB Jason Mann 0-0: Ground out 5-3 (Groundball, 5S)
Bottom of the 1st over - 0 run(s), 2 hit(s), 0 error(s), 2 left on base; Bangor Trident Base 0 - Royse City 0
TOP OF THE 2ND
Bangor Trident Base Ogres batting - Pitching for Royse City Targaryens : LHP Jared Cox
Batting: RHB Hubert Dodson 0-0: Swinging Strike
0-1: Swinging Strike
0-2: Strikes out swinging
Batting: LHB Geoff Tucker 0-0: Swinging Strike
0-1: Ground out 6-3 (Groundball, 6)
Batting: RHB Luis Hernández 0-0: Called Strike
0-1: Foul Ball, location: 2F
0-2: Strikes out swinging
Top of the 2nd over - 0 run(s), 0 hit(s), 0 error(s), 0 left on base; Bangor Trident Base 0 - Royse City 0
BOTTOM OF THE 2ND
Royse City Targaryens batting - Pitching for Bangor Trident Base Ogres : LHP Júlio Hernández
Batting: RHB Carlos Pacheco 0-0: Ground out U3 (Groundball, 3)
Batting: RHB Héctor Ruíz 0-0: Ball
1-0: Called Strike
1-1: Fly out, F8 (Flyball, 8LM)
Batting: RHB Sancho Balderas 0-0: Called Strike
0-1: SINGLE (Line Drive, 6D)
Batting: RHB Curt Johnston 0-0: Ball
Sancho Balderas is caught stealing 2nd base
Bottom of the 2nd over - 0 run(s), 1 hit(s), 0 error(s), 0 left on base; Bangor Trident Base 0 - Royse City 0
TOP OF THE 3RD
Bangor Trident Base Ogres batting - Pitching for Royse City Targaryens : LHP Jared Cox
Batting: RHB Gerardo Castillo 0-0: Called Strike
0-1: DOUBLE (Flyball, 78D)
Batting: SHB Juan Ortega 0-0: Ball
1-0: Called Strike
1-1: Foul Ball, location: 2F
1-2: Ball
2-2: Ground out U3 (Groundball, 3S)
Gerardo Castillo to third
Batting: RHB Johnny Foster 0-0: DOUBLE (Line Drive, 8LD)
Gerardo Castillo scores
Batting: RHB Tom Baker 0-0: Ball
Johnny Foster steals 3rd base
1-0: Ground out 6-3 (Groundball, 6)
Johnny Foster scores
Batting: RHB Augusto Rocha 0-0: Ball
1-0: Ball
2-0: Foul Ball, location: 2F
2-1: Fly out, F7 (Flyball, 78M)
Top of the 3rd over - 2 run(s), 2 hit(s), 0 error(s), 0 left on base; Bangor Trident Base 2 - Royse City 0
BOTTOM OF THE 3RD
Royse City Targaryens batting - Pitching for Bangor Trident Base Ogres : LHP Júlio Hernández
Batting: RHB Curt Johnston 0-0: Called Strike
0-1: Ground out 5-3 (Groundball, 5L)
Batting: LHB Eduardo Álvarez 0-0: Fly out, F8 (Flyball, 8LM)
Batting: RHB Chae-hyeong Kim 0-0: SINGLE (Groundball, 56D)
Batting: RHB Florian Cesaresco 0-0: Ball
1-0: Ball
2-0: Foul Ball, location: 2F
2-1: Ball
3-1: Base on Balls
Chae-hyeong Kim to second
Batting: LHB Carlos Álvarez 0-0: Ball
1-0: Foul Ball, location: 2F
1-1: SINGLE (Groundball, 4MD)
Chae-hyeong Kim to third
Florian Cesaresco to second
Runner from 3rd tries for Home, SAFE, no throw or cutoff
Batting: RHB Jason Mann 0-0: Ball
1-0: Fielders Choice at 2nd, 5-4 (Groundball, 56)
Bottom of the 3rd over - 1 run(s), 2 hit(s), 0 error(s), 1 left on base; Bangor Trident Base 2 - Royse City 1
TOP OF THE 4TH
Bangor Trident Base Ogres batting - Pitching for Royse City Targaryens : LHP Jared Cox
Batting: LHB Luis Costello 0-0: Foul Ball, location: 2F
0-1: SOLO HOME RUN (Flyball, 7D), Distance : 369 ft
Batting: RHB Hubert Dodson 0-0: Ball
1-0: Swinging Strike
1-1: Ball
2-1: Ball
3-1: Foul Ball, location: 2F
3-2: Strikes out swinging
Batting: LHB Geoff Tucker 0-0: Foul Ball, location: 2F
0-1: Ball
1-1: Ball
2-1: Foul Ball, location: 2F
2-2: Fly out, F7 (Flyball, 7M)
Batting: RHB Luis Hernández 0-0: Ball
1-0: SINGLE (Groundball, 56D)
Batting: RHB Gerardo Castillo 0-0: Foul Ball, location: 2F
0-1: Ball
1-1: Ball
2-1: Called Strike
2-2: Ball
3-2: Strikes out swinging
Top of the 4th over - 1 run(s), 2 hit(s), 0 error(s), 1 left on base; Bangor Trident Base 3 - Royse City 1
BOTTOM OF THE 4TH
Royse City Targaryens batting - Pitching for Bangor Trident Base Ogres : LHP Júlio Hernández
Batting: RHB Carlos Pacheco 0-0: Ball
1-0: Ball
2-0: Ball
3-0: Called Strike
3-1: Fly out, F7 (Flyball, 7M)
Batting: RHB Héctor Ruíz 0-0: Swinging Strike
0-1: SINGLE (Groundball, 6MD)
Batting: RHB Sancho Balderas 0-0: Called Strike
0-1: Foul Ball, location: 2F
0-2: Ball
Wild Pitch!
Héctor Ruíz to second
1-2: Ball
2-2: Ground out 6-3 (Groundball, 6M)
Héctor Ruíz to third
Batting: RHB Curt Johnston 0-0: Ball
1-0: Swinging Strike
1-1: Swinging Strike
1-2: Foul Ball, location: 2F
1-2: Foul Ball, location: 2F
1-2: Ground out 4-3 (Groundball, 4)
Bottom of the 4th over - 0 run(s), 1 hit(s), 0 error(s), 1 left on base; Bangor Trident Base 3 - Royse City 1
TOP OF THE 5TH
Bangor Trident Base Ogres batting - Pitching for Royse City Targaryens : LHP Jared Cox
Batting: SHB Juan Ortega 0-0: Called Strike
0-1: Ball
1-1: Called Strike
1-2: Ball
2-2: Ball
3-2: Strikes out looking
Batting: RHB Johnny Foster 0-0: Swinging Strike
0-1: Ball
1-1: Called Strike
1-2: Ball
2-2: Fly out, F6 (Line Drive, 6)
Batting: RHB Tom Baker 0-0: Ground out 6-3 (Groundball, 6S)
Top of the 5th over - 0 run(s), 0 hit(s), 0 error(s), 0 left on base; Bangor Trident Base 3 - Royse City 1
BOTTOM OF THE 5TH
Royse City Targaryens batting - Pitching for Bangor Trident Base Ogres : LHP Júlio Hernández
Batting: LHB Eduardo Álvarez 0-0: Ball
1-0: Foul Ball, location: 2F
1-1: Ground out 6-3 (Groundball, 6M)
Batting: RHB Chae-hyeong Kim 0-0: Ball
1-0: Ball
2-0: Foul Ball, location: 2F
2-1: Ball
3-1: Foul Ball, location: 2F
3-2: Foul Ball, location: 2F
3-2: Foul Ball, location: 2F
3-2: Fly out, F8 (Flyball, 89S)
Batting: RHB Florian Cesaresco 0-0: Ball
1-0: Called Strike
1-1: SINGLE (Line Drive, 89M)
Batting: LHB Carlos Álvarez 0-0: 2-RUN HOME RUN (Flyball, 89XD), Distance : 377 ft
Batting: RHB Jason Mann 0-0: Swinging Strike
0-1: Swinging Strike
0-2: Ball
1-2: Foul Ball, location: 2F
1-2: Strikes out swinging
Bottom of the 5th over - 2 run(s), 2 hit(s), 0 error(s), 0 left on base; Bangor Trident Base 3 - Royse City 3
TOP OF THE 6TH
Bangor Trident Base Ogres batting - Pitching for Royse City Targaryens : LHP Jared Cox
Batting: RHB Augusto Rocha 0-0: Ball
1-0: Fly out, F3 (Popup, 3DF)
Batting: LHB Luis Costello 0-0: Ball
1-0: Fly out, F5 (Popup, 5F)
Batting: RHB Hubert Dodson 0-0: Ball
1-0: Swinging Strike
1-1: Ball
2-1: Ball
3-1: Base on Balls
Pitching: RHP Bo Tubbs
Batting: LHB Geoff Tucker 0-0: Swinging Strike
0-1: Ball
1-1: Ball
2-1: Called Strike
2-2: Strikes out swinging
Top of the 6th over - 0 run(s), 0 hit(s), 0 error(s), 1 left on base; Bangor Trident Base 3 - Royse City 3
BOTTOM OF THE 6TH
Royse City Targaryens batting - Pitching for Bangor Trident Base Ogres : LHP Júlio Hernández
Batting: RHB Carlos Pacheco 0-0: Ground out 6-3 (Groundball, 6M)
Batting: RHB Héctor Ruíz 0-0: Hit by Pitch
Batting: RHB Sancho Balderas 0-0: Called Strike
0-1: SINGLE (Line Drive, 6M)
Héctor Ruíz to second
Batting: RHB Curt Johnston 0-0: Called Strike
0-1: SINGLE (Groundball, 5D)
Héctor Ruíz to third
Sancho Balderas to second
Runner from 3rd tries for Home, SAFE, no throw or cutoff
Batting: LHB Eduardo Álvarez 0-0: Foul Ball, location: 2F
0-1: Foul Ball, location: 2F
0-2: Ball
1-2: Foul Ball, location: 2F
1-2: Ball
2-2: Fly out, F8 (Popup, 4MD)
Batting: RHB Chae-hyeong Kim 0-0: Swinging Strike
0-1: Called Strike
0-2: Foul Ball, location: 2F
0-2: Strikes out swinging
Bottom of the 6th over - 1 run(s), 2 hit(s), 0 error(s), 2 left on base; Bangor Trident Base 3 - Royse City 4
TOP OF THE 7TH
Bangor Trident Base Ogres batting - Pitching for Royse City Targaryens : RHP Bo Tubbs
Batting: RHB Luis Hernández 0-0: Ground out 4-3 (Groundball, 4)
Batting: RHB Gerardo Castillo 0-0: Called Strike
0-1: Swinging Strike
0-2: Ball
1-2: Foul Ball, location: 2F
1-2: Strikes out swinging
Batting: SHB Juan Ortega 0-0: Called Strike
0-1: DOUBLE (Flyball, 89M)
Batting: RHB Johnny Foster 0-0: Ground out 5-3 (Groundball, 56)
Top of the 7th over - 0 run(s), 1 hit(s), 0 error(s), 1 left on base; Bangor Trident Base 3 - Royse City 4
BOTTOM OF THE 7TH
Royse City Targaryens batting - Pitching for Bangor Trident Base Ogres : LHP Júlio Hernández
Batting: RHB Florian Cesaresco 0-0: Foul Ball, location: 2F
0-1: Ground out 5-3 (Groundball, 5S)
Batting: LHB Carlos Álvarez 0-0: Ball
1-0: Ball
2-0: SOLO HOME RUN (Flyball, 89XD), Distance : 376 ft
Batting: RHB Jason Mann 0-0: Foul Ball, location: 2F
0-1: Ball
1-1: Ground out 6-3 (Groundball, 5)
Batting: RHB Carlos Pacheco 0-0: Ball
1-0: Ground out 1-3 (Groundball, 15)
Bottom of the 7th over - 1 run(s), 1 hit(s), 0 error(s), 0 left on base; Bangor Trident Base 3 - Royse City 5
TOP OF THE 8TH
Bangor Trident Base Ogres batting - Pitching for Royse City Targaryens : RHP Bo Tubbs
Batting: RHB Tom Baker 0-0: Ball
1-0: Ground out 6-3 (Groundball, 6M)
Batting: RHB Augusto Rocha 0-0: Called Strike
0-1: SINGLE (Groundball, 34D)
Pitching: LHP Roberto Aguirre
Batting: LHB Luis Costello 0-0: Foul Ball, location: 2F
0-1: Ball
1-1: Foul Ball, location: 2F
1-2: Strikes out swinging
Pitching: RHP John Hicks
Batting: RHB Hubert Dodson 0-0: Ball
1-0: Ball
2-0: Ground out 6-3 (Groundball, 56)
Top of the 8th over - 0 run(s), 1 hit(s), 0 error(s), 1 left on base; Bangor Trident Base 3 - Royse City 5
BOTTOM OF THE 8TH
Royse City Targaryens batting - Pitching for Bangor Trident Base Ogres : LHP Júlio Hernández
Batting: RHB Héctor Ruíz 0-0: DOUBLE (Line Drive, 89M)
Batting: RHB Sancho Balderas 0-0: Ground out 4-3 (Groundball, 4)
Héctor Ruíz to third
Batting: RHB Curt Johnston 0-0: Foul Ball, location: 2F
0-1: Ball
1-1: Ball
Steal of home, Héctor Ruíz is out
2-1: SINGLE (Line Drive, 89M)
Batting: LHB Eduardo Álvarez 0-0: Called Strike
0-1: Called Strike
0-2: Ball
1-2: SINGLE (Flyball, 89S)
Curt Johnston to second
Batting: RHB Chae-hyeong Kim 0-0: Ball
1-0: Ball
2-0: Called Strike
2-1: SINGLE (Line Drive, 4M)
Curt Johnston to third
Eduardo Álvarez to second
Batting: RHB Florian Cesaresco 0-0: Ball
1-0: Ball
2-0: Called Strike
2-1: Ball
3-1: Called Strike
3-2: GRAND SLAM HOME RUN (Flyball, 8RXD), Distance : 426 ft
Batting: LHB Carlos Álvarez 0-0: Ball
1-0: Ball
2-0: Ball
3-0: Called Strike
3-1: Foul Ball, location: 2F
3-2: Base on Balls
Pitching: RHP Jason McKinney
Batting: RHB Jason Mann 0-0: Ball
1-0: Called Strike
1-1: SINGLE (Groundball, 6)
Carlos Álvarez to second
Batting: RHB Carlos Pacheco 0-0: SINGLE (Line Drive, 4M)
Carlos Álvarez to third
Jason Mann to second
Batting: RHB Héctor Ruíz 0-0: Ball
1-0: SINGLE (Line Drive, 8LS)
Carlos Álvarez scores
Jason Mann to third
Carlos Pacheco to second
Runner from 3rd tries for Home, SAFE, throw made at trailing runner, SAFE at third!
Batting: RHB Sancho Balderas 0-0: Ground out 4-3 (Groundball, 4)
Bottom of the 8th over - 6 run(s), 8 hit(s), 0 error(s), 2 left on base; Bangor Trident Base 3 - Royse City 11
TOP OF THE 9TH
Bangor Trident Base Ogres batting - Pitching for Royse City Targaryens : RHP John Hicks
Batting: LHB Geoff Tucker 0-0: Foul Ball, location: 2F
0-1: Ball
1-1: Called Strike
1-2: Strikes out swinging
Batting: RHB Luis Hernández 0-0: Called Strike
0-1: Ball
1-1: Fly out, F7 (Flyball, 78S)
Batting: RHB Gerardo Castillo 0-0: Foul Ball, location: 2F
0-1: Swinging Strike
0-2: Ball
1-2: Strikes out looking
Top of the 9th over - 0 run(s), 0 hit(s), 0 error(s), 0 left on base; Bangor Trident Base 3 - Royse City 11
This league is powered by Out of the Park Baseball, the baseball management simulation game for PC, Mac and Linux
Friday, July 8th, 2016 - OOTP Baseball 16.9 Build 39